Cogmind - Beta 14 @@@ ROGUE MODE // 2024.11.03 @ 20:47:41 Player: Plexion Result: Destroyed by P1-3CE with P1-3CE's Gatling Flakker Performance ------------- Evolutions (1) 500 Regions Visited (6) 1200 Robots Destroyed (76) 380 Value Destroyed (1285) 1285 Prototype IDs (31) 620 Alien Tech Used (0) 0 Bonus (523) 523 TOTAL SCORE: 4508 Bonus ------- Follower Combat Kills 360 Aligned with FarCom 300 Friendly Fire -137 Cogmind --------- Core Integrity 0/400 Matter 237/300 Energy 310/310 System Corruption 0% Temperature Cool (0) Movement Core (1300) Ox25 Location -8/Mines Parts ------- > --- POWER (1) -------- Reinforced Fission Core > --- PROPULSION (3) --- (None) > --- UTILITY (3) ------ High-capacity Storage Unit Hardened Medium Armor Plating Thief Drone Bay (0/3) > --- WEAPON (2) ------- Katana Scythe > --- INVENTORY (20) --- Ion Engine Armored Treads Armored Treads Advanced Myomer Leg Advanced Myomer Leg Makeshift Terrain Scanner Melee Analysis Suite Advanced Weapon Cycler Advanced Transmission Jammer Medium Armor Plating Advanced Component Analysis Suite AS-neutralizer No. 17b Heavy Assault Rifle Heavy Assault Rifle 8R-AWN's Boregun 8R-AWN's Boregun Missile Launcher Missile Launcher Plasma Cutter Peak State ------------ > --- POWER ------------ Reinforced Fission Core > --- PROPULSION ------- Light Treads Armored Treads Armored Treads > --- UTILITY ---------- High-capacity Storage Unit Medium Armor Plating Medium Armor Plating > --- WEAPON ----------- 8R-AWN's Boregun Scythe > --- INVENTORY -------- Ion Engine Light Treads Armored Treads Armored Treads Advanced Myomer Leg Advanced Myomer Leg Makeshift Terrain Scanner Advanced Weapon Cycler Advanced Transmission Jammer Hardened Medium Armor Plating Advanced Component Analysis Suite Thief Drone Bay AS-neutralizer No. 17b Heavy Assault Rifle Heavy Assault Rifle 8R-AWN's Boregun Missile Launcher Missile Launcher Plasma Cutter Katana [Rating: 40] Favorites ----------- Power Improved Ion Engine Engine Improved Ion Engine Power Core Reinforced Fission Core Propulsion Light Treads Treads Light Treads Leg Advanced Myomer Leg Wheel Wheel Flight Unit Improved Flight Unit Utility High-capacity Storage Unit Device Seismic Detector Storage High-capacity Storage Unit Processor Improved Targeting Computer Protection Hardened Light Armor Plating Weapon Heavy Assault Rifle Energy Gun Medium Laser Ballistic Gun Heavy Assault Rifle Ballistic Cannon Slug Cannon Launcher Rocket Launcher Slashing Weapon Scythe Build | -11 -10 -10 -9 -9 -9 -8 ------- Run | Yrd Mat Min Mat Min Exi Min Slots Evolved 2 | . . . 2 . . . Power . | . . . . . . . Propulsion 1 | . . . 1 . . . Utility 1 | . . . 1 . . . Weapon . | . . . . . . . Parts Attached 78 | 7 10 7 16 13 21 4 Power 3 | 1 . . 1 . 1 . Engine 2 | 1 . . 1 . . . Core 1 | . . . . . 1 . Reactor . | . . . . . . . Propulsion 16 | 2 1 . 7 . 6 . Treads 12 | 2 1 . 6 . 3 . Leg 1 | . . . . . 1 . Wheel 2 | . . . . . 2 . Hover . | . . . . . . . Flight 1 | . . . 1 . . . Utility 35 | 2 3 4 5 10 9 2 Device 17 | 1 1 2 2 5 5 1 Storage 3 | 1 2 . . . . . Processor 1 | . . . 1 . . . Hackware . | . . . . . . . Protection 14 | . . 2 2 5 4 1 Artifact . | . . . . . . . Weapon 24 | 2 6 3 3 3 5 2 Energy Gun 1 | 1 . . . . . . Energy Cannon . | . . . . . . . Ballistic Gun 12 | 1 4 1 3 2 1 . Ballistic Cannon 1 | . . 1 . . . . Launcher 6 | . 2 1 . 1 1 1 Special Weapon . | . . . . . . . Impact Weapon . | . . . . . . . Slashing Weapon 4 | . . . . . 3 1 Piercing Weapon . | . . . . . . . Special Melee Weapon . | . . . . . . . Unidentified Prototypes 8 | . . . 2 1 5 . Parts Lost 7 | . 1 . 1 1 . 4 Power . | . . . . . . . Propulsion 3 | . . . . . . 3 Utility 3 | . 1 . 1 . . 1 Weapon 1 | . . . . 1 . . Highest Loss Streak 4 | . 1 . 1 1 . 4 To Critical Strikes . | . . . . . . . Average Slot Usage (%) 99 | . 99 100 99 99 99 99 Engine 11 | . 14 14 11 11 10 . Treads 29 | . 27 28 32 33 26 32 Wheel 1 | . . . . . 6 . Device 10 | . 13 12 10 8 7 3 Storage 12 | . 14 14 11 11 11 11 Processor 4 | . . . 11 9 . . Protection 4 | . . 1 . 3 14 18 Ballistic Gun 18 | . 25 20 18 21 12 . Ballistic Cannon 2 | . . 7 3 . . . Slashing Weapon 2 | . . . . . 9 21 Peak Build Rating 40 | 7 11 14 20 26 40 39 Average Rating 18 | 5 10 12 18 19 28 35 On Entrance 14 | . 7 11 13 19 18 34 Naked Turns . | . . . . . . . Heaviest Build 83 | 15 53 56 58 61 83 79 Greatest Support 60 | 40 40 40 60 60 60 60 Greatest Overweight (x) 3 | 1 1 1 . 1 3 1 Average Overweight (x) . | . . 1 . . 1 1 Largest Inventory Capacity 20 | 8 20 20 20 20 20 20 Average Capacity 19 | 7 18 20 20 20 20 20 Most Carried 20 | 5 20 20 20 20 20 20 Average Carried 18 | 3 16 18 19 19 18 19 Final Capacity 20 | 8 20 20 20 20 20 20 Final Carried 20 | 5 19 18 20 20 20 19 Class Distribution -------------------- 57% | Mutant 42% | Scavenger-Mutant Dominant Class ---------------- Mutant | -10/Materials Mutant | -10/Mines Scavenger-Mutant | -9/Materials Scavenger-Mutant | -9/Mines Mutant | -9/Exiles Mutant | -8/Mines Resources | -11 -10 -10 -9 -9 -9 -8 ----------- Run | Yrd Mat Min Mat Min Exi Min Matter Collected 2199 | 234 365 253 585 329 424 9 Remotely . | . . . . . . . Salvage Created 2258 | 72 449 198 683 441 390 25 Parts 146 | 10 34 20 33 22 25 2 Haulers Intercepted 7 | . 2 . 5 . . . Recyclers Shooed 2 | 1 . . . 1 . . Parts Field Recycled . | . . . . . . . Retrieved Matter . | . . . . . . . Parts Self-Destructed . | . . . . . . . Prevented . | . . . . . . . Kills | -11 -10 -10 -9 -9 -9 -8 ------- Run | Yrd Mat Min Mat Min Exi Min Combat Hostiles Destroyed 48 | . 9 9 12 10 5 3 Melee 1 | . . . . . 1 . Guns 33 | . 5 6 12 10 . . AOE 14 | . 4 3 . . 4 3 Classes Destroyed 14 | 1 5 . 4 3 1 . Worker 3 | . 1 . 1 1 . . Builder 3 | . . . 1 2 . . Tunneler 7 | 3 1 1 . 2 . . Hauler 7 | . 2 . 5 . . . Operator 1 | . . . 1 . . . Turret 1 | . . . . . 1 . Watcher 5 | . 3 . 2 . . . Swarmer 19 | . 3 7 6 . . 3 Grunt 17 | . 6 2 4 5 . . Brawler 1 | . . . . 1 . . Duelist 1 | . . . . 1 . . Sentry 2 | . . . 2 . . . Zionite 8 | . . . 1 . 7 . Assembled 7 | . . . . 3 4 . Best Kill Streak 5 | 3 5 3 4 5 4 3 Combat Bots Only 5 | . 3 3 4 5 4 3 Max Kills in Single Turn 4 | 1 4 2 1 2 3 2 Gunslinging 1 | . . . . 1 . . Exploded 3 | . 2 2 . . 3 2 Melee 1 | . . . . . 1 . Uniques/NPCs Destroyed 4 | . . . . . 4 . 8R-AWN (-9/Exiles) EX-HEX (-9/Exiles) EX-DEC (-9/Exiles) EX-BIN (-9/Exiles) Combat | -11 -10 -10 -9 -9 -9 -8 -------- Run | Yrd Mat Min Mat Min Exi Min Hostile Shots Fired 235 | . 35 30 44 31 12 83 Missed 57 | . 10 8 16 10 4 9 Damage Taken 3051 | . 399 243 378 303 133 1595 Core 517 | . 51 51 29 23 . 363 Absorbed by Shields . | . . . . . . . Regen/Repaired (Parts) 196 | . 94 . 102 . . . Core Remaining (%) 79 | 100 . 59 . . . . Volleys Fired 204 | 6 44 21 62 31 38 2 Largest 2 | 2 2 2 2 2 1 1 Hottest 71 | 70 70 46 71 46 36 36 Shots Fired 356 | 12 83 38 124 59 38 2 Gun 327 | 12 78 34 112 56 35 . Cannon 12 | . . . 12 . . . Launcher 17 | . 5 4 . 3 3 2 Special . | . . . . . . . Kinetic 330 | 6 75 34 124 56 35 . Thermal 9 | 6 3 . . . . . Explosive 17 | . 5 4 . 3 3 2 Electromagnetic . | . . . . . . . Robot Hit Streak 30 | 3 17 13 30 14 10 . Robot Miss Streak 4 | 3 4 2 3 2 2 1 Penetration Max 1 | . . . . . 1 . Secondary Targets 4 | . . . 2 2 . . Max Gunslinging Chain 1 | . . . 1 1 . . Shots Hit Robots 263 | 6 49 20 89 42 50 7 Core Hits 119 | 3 23 11 30 26 25 1 Critical Kills 5 | . . . . . 5 . Critical Parts Destroyed 7 | . 1 . . . 6 . Critical Strikes 15 | . 1 . . . 12 2 Destroy 12 | . 1 . . . 11 . Sever 3 | . . . . . 1 2 Melee Attacks 37 | . . . . . 30 7 Impact . | . . . . . . . Slashing 37 | . . . . . 30 7 Piercing . | . . . . . . . Sneak Attacks . | . . . . . . . Combat Hostiles . | . . . . . . . Follow-up Attacks 2 | . . . . . 1 1 Damage Inflicted 6062 | 101 1125 525 1565 902 1473 371 Guns 3685 | 100 762 340 1391 675 417 . Cannons 152 | . . . 152 . . . Explosions 1137 | . 363 185 . 184 245 160 Melee 1022 | . . . . . 811 211 Ramming 66 | 1 . . 22 43 . . Kinetic 3775 | 63 737 340 1543 675 417 . Thermal 62 | 37 25 . . . . . Explosive 1137 | . 363 185 . 184 245 160 Electromagnetic . | . . . . . . . Impact . | . . . . . . . Slashing 1022 | . . . . . 811 211 Piercing . | . . . . . . . Highest Corruption . | . . . . . . . Average Corruption . | . . . . . . . Corruption Purged . | . . . . . . . Corruption Blocked . | . . . . . . . Overload Shots . | . . . . . . . Overflow Damage 85 | . . 69 . . . 16 Projectiles . | . . . . . . . Explosions 85 | . . 69 . . . 16 Melee . | . . . . . . . Knockbacks 1 | . . . 1 . . . Impact . | . . . . . . . Kinetic 1 | . . . 1 . . . Secondary . | . . . . . . . Self-Inflicted Damage 157 | . 66 23 . 32 . 36 Shots 5 | . 2 1 . 1 . 1 Rammed 7 | 1 . . 2 4 . . Targets Rammed 9 | 1 . . 2 6 . . Kicked . | . . . . . . . Crushed 2 | . . . . 2 . . Highest Temperature 50 | 27 27 50 16 30 24 32 Average Temperature 10 | 11 6 23 4 12 13 17 Received Heat Transfer 492 | . 180 72 123 117 . . Siege Activations . | . . . . . . . Robots Corrupted . | . . . . . . . Combat Hostiles . | . . . . . . . Parts Fried . | . . . . . . . Impact Corruptions . | . . . . . . . Robots Melted . | . . . . . . . Combat Hostiles . | . . . . . . . Parts Melted . | . . . . . . . Heat Transferred 185 | 111 74 . . . . . Parts Sabotaged . | . . . . . . . Parts Stolen . | . . . . . . . Parts Stripped . | . . . . . . . Power Chain Reactions . | . . . . . . . Alert | -11 -10 -10 -9 -9 -9 -8 ------- Run | Yrd Mat Min Mat Min Exi Min Peak Influence 342 | 15 157 166 342 138 . 101 Initial 47 | . 9 . . 47 . . Average 67 | 4 43 39 106 61 . 97 Maximum Alert Level 1 | . . . 1 . . . Low Security (%) 95 | 100 100 100 86 100 . 100 Level 1 4 | . . . 13 . . . Level 2 . | . . . . . . . Level 3 . | . . . . . . . Level 4 . | . . . . . . . Level 5 . | . . . . . . . High Security . | . . . . . . . Max Security . | . . . . . . . Squads Dispatched 3 | . 1 . 2 . . . Investigation 1 | . . . 1 . . . Extermination . | . . . . . . . Reinforcement 2 | . 1 . 1 . . . Assault . | . . . . . . . Garrison . | . . . . . . . Intercept . | . . . . . . . Searches Triggered . | . . . . . . . Construction Impeded . | . . . . . . . Haulers Reinforced . | . . . . . . . Active Scanning Responses . | . . . . . . . Cargo Convoy Interrupts . | . . . . . . . Stealth | -11 -10 -10 -9 -9 -9 -8 --------- Run | Yrd Mat Min Mat Min Exi Min Distress Signals 5 | . 3 . 2 . . . Communications Jammed . | . . . . . . . Distress Signals . | . . . . . . . Times Spotted 82 | . 11 9 32 11 15 4 Peak Tracking Total 9 | . 4 3 4 3 9 2 Tactical Retreats 5 | . . 1 . 1 3 . Traps | -11 -10 -10 -9 -9 -9 -8 ------- Run | Yrd Mat Min Mat Min Exi Min Traps Triggered . | . . . . . . . Indirectly . | . . . . . . . Trap Hack Attempts . | . . . . . . . Triggered . | . . . . . . . Disarmed . | . . . . . . . Reprogrammed . | . . . . . . . Reused . | . . . . . . . Traps Extracted . | . . . . . . . Installed 1 | . . . . . 1 . Triggered . | . . . . . . . Most Traps Carried 2 | . . 2 1 1 1 . Machines | -11 -10 -10 -9 -9 -9 -8 ---------- Run | Yrd Mat Min Mat Min Exi Min Machines Disabled 17 | . 2 . 2 . 13 . Max in Single Turn 3 | . 1 . 1 . 3 . Machines Repaired . | . . . . . . . Machines Dismantled . | . . . . . . . Machines Sabotaged . | . . . . . . . Overloaded Fab Kills . | . . . . . . . Hacking | -11 -10 -10 -9 -9 -9 -8 --------- Run | Yrd Mat Min Mat Min Exi Min Machines Accessed 24 | . 7 2 12 1 2 . Terminals 17 | . 6 1 10 . . . Fabricators . | . . . . . . . Repair Stations 3 | . 1 . 2 . . . Recycling Units . | . . . . . . . Scanalyzers . | . . . . . . . Garrison Access . | . . . . . . . Total Hacks 72 | . 25 3 41 1 2 . Successful 36 | . 12 2 19 1 2 . Failed 35 | . 12 1 22 . . . Catastrophic 3 | . 1 1 1 . . . Database Lockouts 1 | . 1 . . . . . Manual 61 | . 22 2 36 . 1 . Terminals 61 | . 23 2 36 . . . Fabricators . | . . . . . . . Repair Stations 7 | . 2 . 5 . . . Recycling Units . | . . . . . . . Scanalyzers . | . . . . . . . Garrison Access . | . . . . . . . Terminal Hacks 12 | . 3 2 4 1 2 . Record 1 | . . . . . 1 . Robot Analysis 3 | . 1 1 1 . . . Open Door 2 | . . 1 . 1 . . Terminal Index 1 | . 1 . . . . . Unreport Threat 3 | . . . 3 . . . Hauler Manifests 1 | . 1 . . . . . Derelict Proto ID Bank 1 | . . . . . 1 . Fabricator Hacks . | . . . . . . . Repair Station Hacks 6 | . 2 . 4 . . . Scan Component 3 | . 1 . 2 . . . Repair 3 | . 1 . 2 . . . Recycling Unit Hacks . | . . . . . . . Scanalyzer . | . . . . . . . Garrison Access Hacks . | . . . . . . . Unauthorized Hacks 18 | . 7 . 11 . . . Terminals 18 | . 7 . 11 . . . Assimilate 1 | . . . 1 . . . Botnet 3 | . 1 . 2 . . . Operators 2 | . 1 . 1 . . . Skim 12 | . 5 . 7 . . . Fabricators . | . . . . . . . Repair Stations . | . . . . . . . Recycling Units . | . . . . . . . Scanalyzers . | . . . . . . . Garrison Access . | . . . . . . . Data Cores Recovered . | . . . . . . . Used . | . . . . . . . Hacking Detections 19 | . 7 1 11 . . . Full Trace Events 1 | . . . 1 . . . Feedback Events . | . . . . . . . Feedback Blocked . | . . . . . . . Robot Schematics Acquired . | . . . . . . . Robots Built . | . . . . . . . Authchips . | . . . . . . . Time . | . . . . . . . Total Robot Build Rating . | . . . . . . . Part Schematics Acquired . | . . . . . . . Parts Built . | . . . . . . . Authchips . | . . . . . . . Time . | . . . . . . . Total Part Build Rating . | . . . . . . . Parts Repaired 3 | . 1 . 2 . . . Time 105 | . 26 . 79 . . . Parts Recycled . | . . . . . . . Recycled Matter . | . . . . . . . Retrieved Matter . | . . . . . . . Retrieved Components . | . . . . . . . Parts Scanalyzed . | . . . . . . . Part Schematics Acquired . | . . . . . . . Parts Damaged . | . . . . . . . Bothacking | -11 -10 -10 -9 -9 -9 -8 ------------ Run | Yrd Mat Min Mat Min Exi Min Used RIF Installer . | . . . . . . . Robots Hacked . | . . . . . . . Non-combat . | . . . . . . . Combat . | . . . . . . . Robot Hacks Applied . | . . . . . . . Relay Couplers Released . | . . . . . . . Fabnet Peak Effective % . | . . . . . . . Robots Rewired . | . . . . . . . Allies Hacked . | . . . . . . . Hacks Repelled . | . . . . . . . Allies | -11 -10 -10 -9 -9 -9 -8 -------- Run | Yrd Mat Min Mat Min Exi Min Total Allies 5 | . . 5 . . . . Largest Group 5 | . . 5 5 . . . Highest-Rated Group 81 | . . 81 81 . . . Highest-Rated Ally 31 | . . 31 31 . . . Total Orders 4 | . . . . . 2 2 RETURN 4 | . . . . . 2 2 Ally Attacks 154 | . . . 66 . 67 21 Total Damage 1426 | . . . 878 . 364 184 Kills 20 | . . . 17 . 3 . Allies Corrupted . | . . . . . . . Allies Melted . | . . . . . . . Intel | -11 -10 -10 -9 -9 -9 -8 ------- Run | Yrd Mat Min Mat Min Exi Min Robot Analysis Total 3 | . 1 1 1 . . . Derelict Logs Recovered 3 | . . 2 . 1 . . Drone Launches 22 | . . . . . 16 6 Drone Recoveries 19 | . . . . . 16 3 Exploration | -11 -10 -10 -9 -9 -9 -8 ------------- Run | Yrd Mat Min Mat Min Exi Min Turns Passed 8498 | 90 1395 1554 2241 1155 1918 145 Spaces Moved 3888 | 41 511 558 1167 629 954 28 Core 11 | 11 . . . . . . Treads 3427 | 30 511 558 1167 629 504 28 Legs . | . . . . . . . Wheels 450 | . . . . . 450 . Hover . | . . . . . . . Flight . | . . . . . . . Fastest Speed 50 | 50 160 240 160 160 110 246 Average Speed 180 | 135 212 240 160 160 166 246 Slowest Speed 250 | 160 240 240 160 240 246 250 Overloaded Moves . | . . . . . . . Propulsion Burnouts . | . . . . . . . Robots Hopped . | . . . . . . . Cave-ins Triggered . | . . . . . . . Exploration Rate (%) 65 | 4 73 95 95 96 90 6 Regions Visited 6 Branch Regions 4 Pre-discovered Areas 3 | . 1 1 . . 1 . Known Exits Taken 3 | . 1 1 1 . . . Unknown Exits Taken 3 | 1 . . . 1 1 . Scrap Searched 2 | . . 1 . 1 . . Spaces Dug 31 | . . . . 6 11 14 Terrain Destroyed 172 | . 55 34 5 32 23 23 Melee . | . . . . . . . Projectile 9 | . . . 5 . 4 . AOE 162 | . 55 34 . 32 18 23 Terrain Rammed . | . . . . . . . Walls Destroyed . | . . . . . . . Machines Disabled . | . . . . . . . Actions | -11 -10 -10 -9 -9 -9 -8 --------- Run | Yrd Mat Min Mat Min Exi Min Total 4987 | 60 738 737 1432 714 1215 91 Wait 614 | . 145 137 142 19 120 51 Move 3882 | 40 510 557 1166 628 953 28 Hop . | . . . . . . . Pick Up 83 | 6 20 7 21 8 21 . Fast Attach 19 | 6 2 . 4 2 5 . Attach 13 | 1 1 1 4 2 3 1 Detach 2 | . 1 . . 1 . . Swap 46 | . 7 6 8 9 13 3 Drop 79 | . 8 8 23 8 32 . Fire 204 | 6 44 21 62 31 38 2 Melee 35 | . . . . . 29 6 Ram . | . . . . . . . Kick . | . . . . . . . Crush 9 | 1 . . 2 6 . . Escape Stasis . | . . . . . . . Rewire . | . . . . . . . Trap 1 | . . . . . 1 . Miscellaneous . | . . . . . . . Route ------- -11/Scrapyard -10/Materials (discovered 5 exits: *Mat x3 / *Min / Sub) -10/Mines (discovered 3 exits: *Mat x2 / Sub) -9/Materials (discovered 4 exits: *Mat x3 / *Min) -9/Mines (discovered 4 exits: *Mat x2 / *Exi / [*Zio]) -9/Exiles -8/Mines History --------- Turn | Location | Event 11 | -11/Scrapyard | Discovered new exit (range 16) 91 | -11/Scrapyard | Entered Materials 206 | -10/Materials | Central database locked down 316 | -10/Materials | Build established: Mutant 695 | -10/Materials | Identified exit to Subcaves 695 | -10/Materials | Identified exit to Materials 733 | -10/Materials | Loaded intel: 17 trap records 740 | -10/Materials | Learned 4 Subcaves zone layouts 750 | -10/Materials | Learned location of Recycling (-7) 769 | -10/Materials | Identified exit to Mines 769 | -10/Materials | Learned location of 1 exit from Materials 1228 | -10/Materials | Repaired Lgt. Treads 1486 | -10/Materials | Entered Mines 1564 | -10/Mines | Met a Derelict who couldn't figure out how to use a Trap Extractor 2042 | -10/Mines | Discovered exit to Materials (range 8) 2122 | -10/Mines | Learned 8 Materials zone layouts 2139 | -10/Mines | Learned 2 Materials zone layouts 2160 | -10/Mines | Discovered exit to Materials (range 5) 2182 | -10/Mines | A weapon hastily lodged in a ceiling crevice suddenly fell to the ground 2346 | -10/Mines | Found a hidden stash of uninstalled traps 2499 | -10/Mines | Learned location of Storage (-7) 3035 | -10/Mines | Assisted by bots powering up and referring to "LRC-V3" 3040 | -10/Mines | Entered Materials 3040 | -9/Materials | Accompanied by 5 allies 3040 | -9/Materials | Evolved 2 slots: Propulsion x1, Utility x1 3041 | -9/Materials | Identified exit to Materials 3042 | -9/Materials | Identified exit to Mines 3045 | -9/Materials | Led the pair of lost Derelicts to an unsafe place 3478 | -9/Materials | Build established: Scavenger-Mutant 3481 | -9/Materials | Discovered exit to Materials (range 16) 3742 | -9/Materials | Repaired Corrupted Scythe 3959 | -9/Materials | Discovered exit to Materials (range 14) 4054 | -9/Materials | Learned location of 2 exits from Materials 4094 | -9/Materials | Loaded intel: 10 trap records 4122 | -9/Materials | Learned location of 2 exits from Materials 4141 | -9/Materials | Learned Recycling recycling unit intel 4149 | -9/Materials | Learned 8 Materials zone layouts 4150 | -9/Materials | Learned Materials trap positions 4151 | -9/Materials | Learned 4 Recycling zone layouts 4152 | -9/Materials | Learned location of 1 exit from Recycling 4160 | -9/Materials | Learned location of 3 exits from Materials 4177 | -9/Materials | Learned Storage stockpile data 4206 | -9/Materials | Learned 2 Materials zone layouts 5184 | -9/Materials | Repaired Lgt. Treads 5281 | -9/Materials | Entered Mines 5291 | -9/Mines | Met a Derelict bent on vengeance 5404 | -9/Mines | Learned Materials stockpile data 5513 | -9/Mines | Assembled infested the area 5706 | -9/Mines | Found the Drone Emporium 5714 | -9/Mines | Found Prototype Device 5714 | -9/Mines | Identified Thief Drone Bay 5745 | -9/Mines | Discovered exit to Materials (range 11) 5833 | -9/Mines | A Derelict revealed a hidden shortcut to a safe place 5859 | -9/Mines | Discovered exit to Materials (range 3) 6310 | -9/Mines | Discovered new exit (range 5) 6436 | -9/Mines | Entered Exiles 6476 | -9/Exiles | Met 8R-AWN 6502 | -9/Exiles | Met EX-HEX 6520 | -9/Exiles | Warned about trapping Exiles lab 6579 | -9/Exiles | Met EX-DEC 6608 | -9/Exiles | Learned location of Zion (-7) 6656 | -9/Exiles | Discovered new exit (range 10) 6766 | -9/Exiles | Met EX-BIN 6781 | -9/Exiles | Aligned with FarCom system 6782 | -9/Exiles | Given EX-Vault access code 6807 | -9/Exiles | Opened EX-Vault 6814 | -9/Exiles | Found Cloak of Protection 6818 | -9/Exiles | Found AWS/Gauss 6840 | -9/Exiles | Warned to stay clear of 0b10 Research branches 7229 | -9/Exiles | Attacked by the Exiles 7366 | -9/Exiles | Found 8R-AWN's Boregun 7367 | -9/Exiles | Found 8R-AWN's Boregun 7537 | -9/Exiles | Build established: Mutant 7576 | -9/Exiles | Destroyed 8R-AWN 7763 | -9/Exiles | Destroyed EX-HEX 7853 | -9/Exiles | Allies destroyed EX-DEC 7860 | -9/Exiles | Allies destroyed EX-BIN 8198 | -9/Exiles | Found Prototype Device 8198 | -9/Exiles | Identified AS-neutralizer No. 17b 8354 | -9/Exiles | Entered Mines 8442 | -8/Mines | P1-3CE came to Exiles' defense 8483 | -8/Mines | Core integrity fell below 50% 8496 | -8/Mines | Core integrity fell below 20% 8499 | -8/Mines | Destroyed by P1-3CE with P1-3CE's Gatling Flakker Last Messages --------------- 08482_ Thief Drone retrieved by Thief Drone Bay. 08483_ P1-3CE Prototype Storage severed. 08483_ Katana follow-up attack on P1-3CE. 08484_ Thief Drone released from Thief Drone Bay. 08484_ Thief Drone sneak attacks. 08485_ Thief Drone retrieved by Thief Drone Bay. 08485_ Med. Armor Plating destroyed. 08487_ Lgt. Treads destroyed. 08487_ Thief Drone knocked back. 08488_ Thief Drone released from Thief Drone Bay. 08488_ Thief Drone sneak attacks. 08488_ Thief Drone retrieved by Thief Drone Bay. 08492_ Thief Drone knocked back. 08492_ U-05 Engineer builds a Wall. 08496_ U-05 Engineer lays Concrete. 08497_ Arm. Treads destroyed. 08498_ Thief Drone released from Thief Drone Bay. 08498_ U-05 Engineer builds a Wall. 08498_ Thief Drone sneak attacks. 08499_ Arm. Treads destroyed. Map ----- +----------------------------------------------------+ | ?????????????????????????????????? | | ?????????????????????????????????? | | ?????????????????????????????????? | | ?????????????????????????????????? | | ?????????????????????????????????? | | ?????????????????????????????????? | | ?????????????????????????????????? | | ?????????????????????????????????? | | ?????????????????????????????????? | | ?????????????????????????????????? | | ?????????????????????????????????? | | ?????????????????????????????????? | | ?????????????????????????????????? | | ?????????????????????????????????? | | ?????????????????????????????????? | | ?????????????????????????????????? | | ?????????????????????????????????? | | ?????????????????????????#######?? | | ????????????????????????## # ### | | ?????????????????????#### # # # | | ?????????????????????# #? | | ??????????????????????# [ #? | | ????????# ### ###### ! ##? | | ????????# ####!! #? | | ????? ####### u ##? | | ???????????????????#####n@n #?? | | ???????????????????????##Mn #?? | | ????????????????????????#### ###?? | | ???????????????????????????# #???? | | ???????????????????????????# #???? | | ???????????????????????????# #???? | | ???????????????????????????# #???? | | ??????????????????????????? ???? | | ??????????????????????????? ???? | | ???????????????????????????"" ???? | | ???????????????????????????"" ???? | | ???????????????????????????"" ???? | | ????????????????????????????? ??? | | ?????????????????????????????##??? | | ?????????????????????????????????? | | ?????????????????????????????????? | | ?????????????????????????????????? | | ?????????????????????????????????? | | ?????????????????????????????????? | | ?????????????????????????????????? | | ?????????????????????????????????? | | ?????????????????????????????????? | | ?????????????????????????????????? | | ?????????????????????????????????? | | ?????????????????????????????????? | +----------------------------------------------------+ Best States ------------- Heat Dissipation 28 Energy Generation 19 Energy Capacity 310 Matter Stores 300 Matter Capacity 300 Sight Range 16 Terrain Scan Density 10 Armor Coverage 450 Evasion (%) 50 Targeting Accuracy 6 Recoil Reduction 3 Item Schematics ----------------- None Robot Schematics ------------------ None Fabricated ------------ Nothing Alien Tech Used ----------------- None Achievements -------------- None Challenges ------------ None Game ------ Seed ClaymoresVoltaicMatrix Manual? 0 Play Time 00:45:22 Cumulative 658.8 hours Start 2024.11.03 @ 19:53:48 End 2024.11.03 @ 20:47:41 Sessions 1 Manual Loads 0 Difficulty Rogue Special Mode None Game No. 704 Rogue 617 Adventurer 87 Explorer 0 Win Type - Total 40 Types 8/0/26/1/1/1/3/0/0 Lore% 96 Gallery% 94 Achievement% 80 Wizard Run 0 Options --------- Layout 0 ASCII 0 Keyboard 1 Movement Numpad Keybinds 0 Fullscreen 2 Font 18/SmallcapsGlow Map View 76x50 Zoom Use 0% Tactical HUD 1 Map Filters NONE Filters NONE Steam 1 RUN: 7ee8afb0-9a59-4c5a-a187-da341a321ea1